 Dungeon Crawl Stone Soup version 0.31.0-9-g3a7656b989 (webtiles) character file.

Game seed: 1213439827332606841

231 qw the Skirmisher (level 5, 0/28 (30) HPs)
             Began as a Deep Elf Hunter on Feb 2, 2024.
             Incinerated by a bombardier beetle (5 damage)
             ... with a burning spray
             ... on level 3 of the Dungeon.
             The game lasted 00:00:06 (1504 turns).

qw the Skirmisher (Deep Elf Hunter)                 Turns: 1504, Time: 00:00:06

HP:   0/28 (30)     AC:  6    Str: 10    XL:     5   Next: 72%
MP:   7/7           EV: 11    Int: 14    God:
Gold: 132           SH:  0    Dex: 18    Spells: 4/4 levels left

rFire   . . .        a - +0 shortbow (flame)
rCold   . . .        (shield currently unavailable)
rNeg    . . .        i - +0 ring mail
rPois   .            (no helmet)
rElec   .            e - +0 cloak
rCorr   +            (no gloves)
SInv    .            (no boots)
Will    +....        (no amulet)
Stlth   +            g - ring of willpower
HPRegen 0.24/turn    l - ring of resist corrosion
MPRegen 0.10/turn

%: no passive effects
@: on fire, glowing, drained
A: no striking features
a: no special abilities


You were on level 3 of the Dungeon.
You visited 1 branch of the dungeon, and saw 3 of its levels.

You collected 132 gold pieces.


   Skills:
 - Level 2.2 Fighting
 + Level 9.0 Ranged Weapons
 - Level 2.4 Dodging
 - Level 1.2 Stealth


You had 4 spell levels left.
You didn't know any spells.
Your spell library was empty.

Inventory:

Hand Weapons
 a - a +0 shortbow of flaming (weapon)
Armour
 e - a +0 cloak (worn)
 i - a +0 ring mail (worn)
Jewellery
 c - a +5 ring of evasion
 g - a ring of willpower (left hand)
 l - a ring of resist corrosion (right hand)
Potions
 d - 2 potions of curing

Dungeon Overview and Level Annotations

Branches:
Dungeon (3/15)

Altars:


Message History

The arrow closely misses the bombardier beetle.
The liquid fire burns you!
You shoot an arrow.
The arrow barely misses the bombardier beetle.
The liquid fire burns you!
You shoot an arrow. The arrow hits the bombardier beetle.
The arrow burns the bombardier beetle.
The bombardier beetle is heavily wounded.
The liquid fire burns you!
The bombardier beetle sprays incendiary fluid at you.
The burning spray hits you.
You are even more covered in liquid fire!
You shoot an arrow. The arrow hits the bombardier beetle.
The arrow burns the bombardier beetle.
The bombardier beetle is heavily wounded.
The liquid fire burns you!
1499 ||| DRINKING potion of heal wounds.
You feel much better. The liquid fire burns you!
You shoot an arrow. The arrow hits the bombardier beetle.
The arrow burns the bombardier beetle.
The bombardier beetle is severely wounded.
The liquid fire burns you!
You shoot an arrow.
The arrow closely misses the bombardier beetle.
The liquid fire burns you!
You shoot an arrow.
The arrow barely misses the bombardier beetle.
The liquid fire burns you! The bombardier beetle bites you.
You shoot an arrow.
The arrow hits the bombardier beetle but does no damage.
The bombardier beetle is severely wounded.
The liquid fire burns you!
The bombardier beetle barely misses you.
You shoot an arrow. The arrow hits the bombardier beetle!
The arrow burns the bombardier beetle.
You kill the bombardier beetle!
The liquid fire burns you!
You die...

####............#..##
#...............##.#
................# .#
......#.........# #
..................
...............###
......#........#
...............##
.........@.......
.........%.......
#................
..####..##....#.. .
##.. .##.# # #.. ..
... #. ... ..# #.. ..


There were no monsters in sight!

Vanquished Creatures
  Sigmund (D:2)
  A bombardier beetle (D:3)
  An orc wizard (D:3)
  2 adders (D:2)
  2 ribbon worms
  2 orcs
  6 ball pythons
  A bat (D:2)
  3 endoplasms
  2 goblins (D:2)
  A hobgoblin (D:2)
  2 kobolds (D:2)
  3 quokkas
  4 frilled lizards
  2 rats (D:2)
33 creatures vanquished.

Notes
Turn   | Place    | Note
-------+----------+-------------------------------------------
     0 | D:1      | qw the Deep Elf Hunter began the quest for the Orb.
     0 | D:1      | Reached XP level 1. HP: 12/12 MP: 3/3
     0 | D:1      | 0 ||| qw: Version: 0.3-a-155-g5e7d8dd
     0 | D:1      | 0 ||| qw: Game counter: 2793
     0 | D:1      | 0 ||| qw: Melee chars always use a shield: true
     0 | D:1      | 0 ||| qw: God list: Okawaru
     0 | D:1      | 0 ||| qw: Allow faded altars: false
     0 | D:1      | 0 ||| qw: Do Orc after clearing Dungeon:15 true
     0 | D:1      | 0 ||| qw: Do second Lair branch before Depths: true
     0 | D:1      | 0 ||| qw: Lair rune preference: random
     0 | D:1      | 0 ||| qw: Goals: Normal
     0 | D:1      | 0 ||| PLANNING D:1-11
   261 | D:1      | Reached XP level 2. HP: 16/16 MP: 4/4
   298 | D:1      | Found a faded altar of an unknown god.
   425 | D:1      | Reached skill level 6 in Ranged Weapons
   583 | D:1      | 583 ||| UPGRADING to ring of willpower.
   584 | D:1      | 584 ||| READING scroll labelled GOBOITHR IGIBEU.
   585 | D:1      | 585 ||| DRINKING 2 pink potions.
   586 | D:1      | 586 ||| DROPPING scroll of butterflies.
   798 | D:2      | Reached XP level 3. HP: 13/20 MP: 5/5
   985 | D:2      | Noticed Sigmund
   997 | D:2      | Killed Sigmund
   998 | D:2      | Reached skill level 8 in Ranged Weapons
   998 | D:2      | Reached XP level 4. HP: 14/25 MP: 6/6
   998 | D:2      | Reached XP level 5. HP: 16/29 MP: 7/7
  1150 | D:2      | Reached skill level 9 in Ranged Weapons
  1334 | D:2      | 1334 ||| UPGRADING to +0 cloak.
  1339 | D:2      | 1339 ||| UPGRADING to +0 ring mail.
  1349 | D:2      | 1349 ||| DROPPING +0 leather armour.
  1350 | D:2      | 1350 ||| UPGRADING to ring of resist corrosion.
  1351 | D:2      | 1351 ||| READING 5 scrolls labelled KAOFOL ISER.
  1351 | D:2      | 1351 ||| IDENTIFYING sedimented blue potion
  1352 | D:2      | 1352 ||| READING 4 scrolls of identify.
  1352 | D:2      | 1352 ||| IDENTIFYING yellow potion
  1353 | D:2      | 1353 ||| READING 3 scrolls of identify.
  1353 | D:2      | 1353 ||| IDENTIFYING fuming blue potion
  1354 | D:2      | 1354 ||| READING 2 scrolls of identify.
  1354 | D:2      | 1354 ||| IDENTIFYING scroll labelled MIJ WAYRIRGH
  1355 | D:2      | 1355 ||| READING scroll of identify.
  1355 | D:2      | 1355 ||| IDENTIFYING scroll labelled KUUXUF KEB VIA
  1356 | D:2      | 1356 ||| READING scroll of brand weapon.
  1356 | D:2      | 1356 ||| BRANDING +0 shortbow.
  1357 | D:2      | 1357 ||| DROPPING potion of attraction.
  1358 | D:2      | 1358 ||| DROPPING scroll of immolation.
  1359 | D:2      | 1359 ||| DROPPING potion of degeneration.
  1401 | D:3      | 1401 ||| STAIRDANCE
  1406 | D:3      | 1406 ||| STAIRDANCE
  1422 | D:3      | 1422 ||| STAIRDANCE
  1444 | D:3      | 1444 ||| STAIRDANCE
  1498 | D:3      | HP: 5/28 [burnt (5)]
  1499 | D:3      | 1499 ||| DRINKING potion of heal wounds.
  1503 | D:3      | HP: 4/28 [burnt (3)]
  1504 | D:3      | Incinerated by a bombardier beetle

Levels and vault maps discovered:
D:1:      ncdulo_watergridlock, layout_loops_cross,
          hellmonk_ecumenical_altar_leap_of_faith
D:2:      layout_loops_cross, uniq_sigmund
D:3:      layout_rooms, mainiacjoe_overflow_catwalk

Skill      XL: |  1  2  3  4  5 |
---------------+----------------+-----
Ranged Weapons | 6 8 9 |  9.0
Fighting       | 2 |  2.2
Dodging        | |  2.4
Stealth        | |  1.2

Action                     |  1- 3 |  4- 6 || total
---------------------------+-------+-------++-------
   Fire: Shortbow          |    74 |    46 ||   120
    Use: Scroll            |     1 |     6 ||     7
         Potion            |     1 |     1 ||     2
 Armour: Leather armour    |    18 |       ||    18
         Ring mail         |       |    15 ||    15
  Dodge: Dodged            |    18 |     6 ||    24

Table legend:
 A = Non-vault XP
 B = Vault XP
 C = Vault XP percentage of total XP
 D = Non-vault monster count
 E = Vault monster count
 F = Vault count percentage of total count
                 A         B        C        D         E       F
            +---------+---------+-------+---------+---------+-------
      Total |     170 |     214 |  55.7 |      32 |       1 |   3.0
            +---------+---------+-------+---------+---------+-------
        D:1 |      13 |       0 |   0.0 |       8 |       0 |   0.0
        D:2 |      60 |     214 |  78.1 |      20 |       1 |   4.8
        D:3 |      97 |       0 |   0.0 |       4 |       0 |   0.0
            +---------+---------+-------+---------+---------+-------
